 Dungeon Crawl Stone Soup version 0.29.0-5-ge4962eb29e (webtiles) character file.

Game seed: 1206221695658890849

0 Ge0ff the Sneak (level 1, -4/19 HPs)
             Began as a Meteoran Delver on Aug 28, 2022.
             Killed by an exploding hound (23 damage)
             ... ignited by their inner flame
             ... on level 6 of the Dungeon.
             The game lasted 00:01:09 (128 turns).

Ge0ff the Sneak (Meteoran Delver)                    Turns: 128, Time: 00:01:10

Health: -4/19      AC:  3    Str: 13    XL:     1   Next: 0%
Magic:  2/2        EV: 12    Int: 11    God:
Gold:   26         SH:  0    Dex: 15    Spells: 0/0 levels left

rFire   . . .      SeeInvis .   a - +0 hand axe
rCold   . . .      Faith    .   (no shield)
rNeg    . . .      Spirit   .   b - +0 leather armour
rPois   .          Reflect  .   (no helmet)
rElec   .          Harm     .   (no cloak)
rCorr   .          Rampage  .   (no gloves)
Will    .....                   (no boots)
Stlth   +.........              (no amulet)
HPRegen 0.06/turn               (no ring)
MPRegen 0.08/turn               (no ring)

@: glowing
A: sense surroundings 1, otherworldly, glowing, explore regen
a: no special abilities


You were on level 6 of the Dungeon.
You visited 1 branch of the dungeon, and saw 2 of its levels.

You collected 26 gold pieces.

Inventory:

Hand Weapons
 a - a +0 hand axe (weapon)
Armour
 b - a +0 leather armour (worn)
Wands
 d - a wand of digging (3)
Scrolls
 m - a scroll of magic mapping
 F - a scroll of fog


   Skills:
 - Level 3.2 Fighting
 + Level 2.4 Axes
 - Level 2.4 Dodging
 - Level 3.7 Stealth


You couldn't memorise any spells.
You didn't know any spells.
Your spell library was empty.

Dungeon Overview and Level Annotations

Branches:
Dungeon (6/15) Zot: 1084
 Temple: D:4-7

Altars:
Nemelex Xobeh


Innate Abilities, Weirdness & Mutations

You passively map a small area around you.
You are easily found by Zot.
You glow in the dark.
You regain HP and MP as you explore.


Message History

There is a stone staircase leading up here.
You now have 10 gold pieces.
There is a stone staircase leading up here.
You climb upwards.
There is a stone staircase leading down here.
You now have 26 gold pieces (gained 16).
A gnoll and a hound come into view.
The gnoll is wielding a +2 flail of protection.
The gnoll shouts!
You hear a shout!
A gnoll bouda and a gnoll come into view.
The gnoll bouda shouts!
The gnoll shouts!
You hear a shout!
The gnoll bouda barks out a call to the hunt!
The gnolls pick up the pace!
Really quaff
H - a potion of haste {!q}?
You feel yourself speed up. The gnoll closely misses you.
The gnoll attacks as you move away!
The gnoll hits you with a +2 flail of protection!
Ouch! That really hurt!
As you read the scroll of fear, it crumbles to dust.
You assume a fearsome visage.
The gnoll looks frightened! x2
There is a stone staircase leading down here.
You climb downwards.
There is a stone staircase leading up here.
Found a scroll labelled DYFOBR VERALI.
G - a scroll labelled DYFOBR VERALI Your extra speed is starting to run out.
You open the door.
There is an open door here.
You feel yourself slow down.
You open the door.
Found a sparkling altar of Nemelex Xobeh.
There is an open door here.
You open the door.
There is an open door here.
Found a scratched coral ring.
A hound and an iguana come into view.
The hound barks!
The iguana hisses angrily.
You aren't carrying any potions.
As you read the scroll labelled DYFOBR VERALI, it crumbles to dust.
The creatures around you are filled with an inner flame!
It was a scroll of immolation.
You hit the hound.
Flame seeps out of the hound.
The hound is lightly wounded.
The hound is engulfed in blazing flames.
Flame seeps out of the hound.
The hound barely misses you.
The hound is engulfed in blazing flames.
The hound explodes!
The fiery explosion engulfs you!!
Ouch! That really hurt!
You die...

..... , ,...# * .....#,
* *, ,...+ , , * .....#
, , ##...# #* , .....#,
,,,.....##.# , .....+
#=......# , .....####
#....l..# ........#
,#§......# * ......#.#
,#○## ** # , ......#<#,
,#§@### .# , #'###.###
,#....##.##### ,, #.#
#.#, , #............ ,
#.# #.# * #.###'###..##
#.# #.# * , #.# #.# ,
#.###.# #######.###.###
#.....# ........'.._..+
*
###############.#######
* ................# ###


There were no monsters in sight!

Vanquished Creatures
  A hound (D:6)
1 creature vanquished.

Notes
Turn   | Place    | Note
-------+----------+-------------------------------------------
     0 | D:5      | Ge0ff the Meteoran Delver began the quest for the Orb.
     0 | D:5      | Reached XP level 1. HP: 19/19 MP: 2/2
    47 | D:5      | Noticed a hound
    48 | D:5      | Noticed a gnoll bouda
   113 | D:6      | Found a sparkling altar of Nemelex Xobeh.
   125 | D:6      | Noticed a hound
   125 | D:6      | Noticed an iguana
   128 | D:6      | Killed a hound
   128 | D:6      | Killed by an exploding hound... ignited by their inner
                  | flame

Illustrated notes

Levels and vault maps discovered:
D:5:      layout_rooms, grunt_ministairs_14, minmay_ruined_shrine
D:6:      layout_basic, nicolae_dithmenos_through_a_glass_darkly,
          lemuel_doored_altar, uniq_maggie

Action                   || total
-------------------------++-------
Melee: Hand axe          ||     1
  Use: Scroll            ||     2
       Potion            ||     1
Dodge: Dodged            ||     2
